 Dungeon Crawl Stone Soup version 0.32-a0-900-g30fb1b0edc (webtiles) character file.

Game seed: 6375668605273860502

39 GiantSquids the Chopper (level 3, -1/31 HPs)
             Began as a Mountain Dwarf Fighter on Apr 5, 2024.
             Slain by a goblin
             ... wielding a +0 club
             ... led by Robin
              (3 damage)
             ... on level 2 of the Dungeon.
             The game lasted 00:00:24 (104 turns).

GiantSquids the Chopper (Mountain Dwarf Fighter)     Turns: 104, Time: 00:00:24

Health: -1/31      AC:  6    Str: 20    XL:     3   Next: 26%
Magic:  3/3        EV:  8    Int:  8    God:
Gold:   6          SH:  4    Dex:  9    Spells: 2/2 levels left

rFire   . . .        a - +0 war axe
rCold   . . .        c - +0 buckler
rNeg    . . .        b - +0 scale mail
rPois   .            (no helmet)
rElec   .            (no cloak)
rCorr   .            (no gloves)
SInv    .            (no boots)
Will    .....        (no amulet) Stlth
                     (no ring)
HPRegen 0.25/turn    (no ring)
MPRegen 0.08/turn

%: no passive effects
@: no status effects
A: runic magic, artefact enchanting
a: no special abilities


You were on level 2 of the Dungeon.
You visited 1 branch of the dungeon, and saw 2 of its levels.

You collected 6 gold pieces.

Inventory:

Hand Weapons
 a - a +0 war axe (weapon)
Armour
 b - a +0 scale mail (worn)
 c - a +0 buckler (worn)
Potions
 d - a potion of might
 e - a potion of attraction {unknown}


   Skills:
 - Level 3.2 Fighting
 + Level 4.5 Axes
 - Level 3.2 Armour
 - Level 3.2 Shields


You had 2 spell levels left.
You didn't know any spells.
Your spell library was empty.

Dungeon Overview and Level Annotations

Branches:
Dungeon (1/15)

Altars:

Annotations:
D:2 Robin


Innate Abilities, Weirdness & Mutations

Your spellcasting is much less encumbered by armour.
You can use scrolls of enchantment on lesser artefacts.


Message History

Robin is moderately wounded.
You hit the ribbon worm. You closely miss the goblin.
The goblin closely misses you. The ribbon worm barely misses you.
Robin completely misses you. The goblin hits you but does no damage.
You barely miss Robin.
Robin is moderately wounded.
You slash the ribbon worm! You hit the goblin but do no damage.
You hit the hobgoblin.
You kill the hobgoblin!
Robin laughs in a distinctly smug fashion.
Robin barely misses you. The goblin hits you with a +0 club.
* * * LOW HITPOINT WARNING * * *
The ribbon worm closely misses you.
You hit Robin.
Robin is moderately wounded.
You hit the ribbon worm. You closely miss the goblin.
Robin hits you with a +0 spear.
* * * LOW HITPOINT WARNING * * *
You block the goblin's attack.
The ribbon worm bites you but does no damage.
Robin hits you but does no damage.
You hit Robin.
Robin is severely wounded.
You hit the ribbon worm. You closely miss the goblin.
The goblin hits you but does no damage.
The ribbon worm expels a string of sticky webbing.
The stream of webbing hits you but does no damage.
You are caught in a web!
Robin roars a battlecry!
The goblin goes into a battle-frenzy!
The goblin hits you with a +0 club.
* * * LOW HITPOINT WARNING * * *
The web tears apart.
Robin hits you but does no damage. You block the goblin's attack.
The ribbon worm bites you.
* * * LOW HITPOINT WARNING * * *
You barely miss Robin.
Robin is severely wounded.
You hit the goblin. You hit the ribbon worm. Robin hits you but does no damage.
The goblin hits you with a +0 club.
You die...

#.##...###.....
#.###.####...# #.#
#.##.#...# #.#
#.#......# . #.#
#........# #.. #.#
#.#)..#..# ...
#.##.##..## ..#
#........)###...#..
####.##..)g@g......
........$$)w......
###.####.#.#.#####
.... ........# .
..####.#.#.## #..#
##...## ... #.##
#.#


You could see a ribbon worm (catching breath), Robin and a goblin (strong).

Vanquished Creatures
  2 adders (D:2)
  An endoplasm (D:2)
  A giant cockroach (D:2)
  3 hobgoblins (D:2)
  A quokka (D:1)
  9 goblins
  A kobold (D:2)
18 creatures vanquished.

Notes
Turn   | Place    | Note
-------+----------+-------------------------------------------
     0 | D:1      | GiantSquids the Mountain Dwarf Fighter began the quest for
                  | the Orb.
     0 | D:1      | Reached XP level 1. HP: 19/19 MP: 1/1
    42 | D:1      | You fall into a shaft and drop 1 floor!
    72 | D:2      | Reached skill level 3 in Axes
    72 | D:2      | Reached XP level 2. HP: 26/26 MP: 2/2
    82 | D:2      | Noticed Robin
    88 | D:2      | Reached skill level 4 in Axes
    94 | D:2      | Reached XP level 3. HP: 16/31 MP: 3/3
   104 | D:2      | Slain by a goblin

Illustrated notes

Levels and vault maps discovered:
D:1:      spicycebolla_arrival_clurvy, layout_loops_ring
D:2:      layout_loops_ring, minmay_misc_feat_enclosed, chequers_arboretum,
          chequers_mini_garden, grunt_ministairs_1, uniq_robin

Skill      XL: |  1  2 |
---------------+-------+-----
Axes           | 3 4 |  4.5
Fighting       | |  3.2
Armour         | |  3.2
Shields        | |  3.2

Action                     || total
---------------------------++-------
  Melee: War axe           ||    26
 Armour: Scale mail        ||    48
  Dodge: Dodged            ||    25
  Block: Buckler           ||    10

Table legend: (Time is in decaauts)
 A = Elapsed time spent in this place.
 B = Non-inter-level travel time spent in this place.
 C = Inter-level travel time spent in this place.
 D = Time resting spent in this place.
 E = Time spent auto-exploring this place.
 F = Levels seen in this place.
 G = Mean time per level.
                   A        B        C        D        E       F      G
               +--------+--------+--------+--------+--------+-----+--------+
         Total |    112 |    112 |      0 |      0 |     60 |   2 |   56.0 |
       Dungeon |    112 |    112 |      0 |      0 |     60 |   2 |   56.0 |
               +--------+--------+--------+--------+--------+-----+--------+

Top non-repeatable levels by time:
     D:2: 70 daAuts
     D:1: 42 daAuts
